 Dungeon Crawl Stone Soup version 0.31-a0-854-g362426d53f (webtiles) character file.

Game seed: 4055026789413068893

249 hikkokomori the Firebug (level 5, -1/42 HPs)
             Began as a Draconian Fire Elementalist on Oct 9, 2023.
             Killed by an exploding gnoll (33 damage)
             ... ignited by their inner flame
             ... on level 3 of the Dungeon.
             The game lasted 00:09:40 (2611 turns).

hikkokomori the Firebug (DrFE)                      Turns: 2611, Time: 00:09:41

Health: -1/42      AC:  5    Str: 10    XL:     5   Next: 86%
Magic:  4/9        EV: 12    Int: 18    God:
Gold:   102        SH:  0    Dex: 17    Spells: 4/10 levels left

rFire   . . .        u - +0 shortbow
rCold   . . .        (shield currently unavailable)
rNeg    + . .        (body armour unavailable)
rPois   .            (helmet restricted)
rElec   .            (no cloak)
rCorr   .            (no gloves)
SInv    .            (no boots)
Will    .....        (no amulet)
Stlth   ++           j - +6 ring of dexterity
HPRegen 0.27/turn    s - ring of positive energy
MPRegen 0.11/turn

%: no passive effects
@: no status effects
A: AC +5, unfitting armour, cold-blooded
a: no special abilities


You were on level 3 of the Dungeon.
You visited 1 branch of the dungeon, and saw 3 of its levels.

You collected 130 gold pieces.
You spent 28 gold pieces at shops.

Inventory:

Hand Weapons
 h - a +0 sling
 u - a +0 shortbow (weapon)
Jewellery
 j - a +6 ring of dexterity (left hand)
 s - a ring of positive energy (right hand)
Wands
 r - a wand of polymorph (2)
Scrolls
 c - a scroll of acquirement {unknown}
 e - 2 scrolls of fear {unknown}
 f - a scroll of noise {unknown}
 g - 4 scrolls of silence {unknown}
 i - 2 scrolls of enchant weapon {unknown}
 k - a scroll of poison {unknown}
 l - a scroll of brand weapon {unknown}
 n - a scroll of amnesia {unknown}
 q - a scroll of identify
 t - 2 scrolls of teleportation {unknown}
Potions
 a - a potion of magic
 b - a potion of brilliance
 d - 2 potions of might
 m - a potion of lignification {unknown}
 p - a potion of attraction {unknown}


   Skills:
 + Level 2.5 Fighting
 + Level 0.5 Ranged Weapons
 - Level 1.7 Dodging
 - Level 3.0 Stealth
 + Level 3.0 Spellcasting
 - Level 2.0 Conjurations
 + Level 1.2 Hexes
 + Level 4.0 Fire Magic


You had 4 spell levels left.
You knew the following spells:

 Your Spells              Type           Power      Damage    Failure   Level
a - Foxfire               Conj/Fire      52%        2x1d6     4%          1
b - Scorch                Fire           34%        2d6       4%          2
c - Inner Flame           Hex/Fire       12%        N/A       17%         3

Your spell library contained the following spells:

 Spells                   Type           Power      Damage    Failure   Level
 Slow                     Hex            28%        N/A       10%         1
 Necrotise                Necr           8%         1d4       16%         1
 Volatile Blastmotes      Fire/Tloc      18%        2d11      22%         3
 Confusing Touch          Hex            7%         N/A       30%         3
 Sigil of Binding         Hex            7%         N/A       30%         3
 Vampiric Draining        Necr           2%         2d6       43%         3
 Flame Wave               Conj/Fire      13%        2d6       43%         4
 Agony                    Necr           2%         N/A       99%         5


Dungeon Overview and Level Annotations

Branches:
Dungeon (3/15)

Altars:

Shops:
D:1 ?   D:2 ==![


Innate Abilities, Weirdness & Mutations

Your plain brown scales are hard. (AC +5)
You cannot fit into any form of body armour.
You are cold-blooded and may be slowed by cold attacks.


Message History

Fire: u) +0 shortbow
Press: ? - help, Shift-Dir - straight line, f/p - gnoll
Aim: a gnoll, wielding a +0 whip (severely wounded, inner flame, 64% to hit)
You shoot an arrow. The arrow barely misses the gnoll.
The arrow hits the gnoll but does no damage.
The gnoll is severely wounded.
The gnoll hits you but does no damage. The gnoll hits you with a +0 whip.
Unknown command.
Fire: u) +0 shortbow
Press: ? - help, Shift-Dir - straight line, f/p - gnoll
Aim: a gnoll, wielding a +0 whip (severely wounded, inner flame, 64% to hit)
You shoot an arrow.
The arrow hits the gnoll but does no damage.
The gnoll is heavily wounded.
The gnoll hits you with a +0 whip.
Unknown command.
Fire: u) +0 shortbow
Press: ? - help, Shift-Dir - straight line, f/p - gnoll
Aim: a gnoll, wielding a +0 whip (severely wounded, inner flame, 64% to hit)
You shoot an arrow. The arrow hits the gnoll.
The gnoll is severely wounded.
The gnoll hits you with a +0 whip.
Unknown command.
Fire: u) +0 shortbow
Press: ? - help, Shift-Dir - straight line, f/p - gnoll
Aim: a gnoll, wielding a +0 whip (severely wounded, inner flame, 64% to hit)
You shoot an arrow. The arrow hits the gnoll.
You kill the gnoll!
Your Fire Magic skill increases to level 4!
Unknown command.
Unknown command.
You shoot an arrow. The arrow hits the gnoll.
Flame seeps out of the gnoll.
The gnoll is almost dead.
The gnoll is engulfed in blazing flames.
The gnoll explodes!
The fiery explosion engulfs the gnoll!!
You kill the gnoll!
The fiery explosion engulfs you!!
Ouch! That really hurt!
You die...

#...........# #.
#...........#######.
####.#............†.
##.###............
#..# #......###...
#.## #.#....# #.##
#)# #.####.###.##
#○# #.# #.....## #@#
#.# ##...##. #.# #.#
#..#.... #.# #.#
#....### #.# #.#
#.#.## #.# #.# #.#.#
#.# #.# #.#.# #.#
#.#.# #.# #.#..
#....


There were no monsters in sight!

Vanquished Creatures
  A centaur (D:3)
  An iguana (D:2)
  An orc wizard (D:3)
  3 gnolls (D:3)
  3 adders
  6 dart slugs
  10 orcs (D:3)
  5 ball pythons
  3 endoplasms
  3 giant cockroaches
  4 goblins
  7 hobgoblins
  4 jackals (D:1)
  2 quokkas
  3 bats
  2 frilled lizards
  3 rats (D:1)
61 creatures vanquished.

Vanquished Creatures (others)
  51 foxfires
51 creatures vanquished.

Grand Total: 112 creatures vanquished

Notes
Turn   | Place    | Note
-------+----------+-------------------------------------------
     0 | D:1      | hikkokomori the Draconian Fire Elementalist began the quest
                  | for the Orb.
     0 | D:1      | Reached XP level 1. HP: 14/14 MP: 3/3
   220 | D:1      | Reached XP level 2. HP: 22/22 MP: 0/5
   292 | D:1      | Reached skill level 1 in Fighting
   390 | D:1      | Reached XP level 3. HP: 28/28 MP: 0/6
   447 | D:1      | Found Poehiweu's Magic Scroll Emporium.
   476 | D:1      | Bought a scroll of identify for 28 gold pieces
   836 | D:1      | Found a faded altar of an unknown god.
   984 | D:2      | Found Seism's Distillery.
  1148 | D:2      | Found Heduitec's Jewellery Shop.
  1190 | D:2      | Found Zocusiluqe's Jewellery Shoppe.
  1215 | D:2      | Reached XP level 4. HP: 35/35 MP: 0/7
  1221 | D:2      | Learned a level 2 spell: Scorch
  1337 | D:2      | Found Juseb's Antique Armour Shop.
  1689 | D:2      | Learned a level 3 spell: Inner Flame
  2240 | D:3      | Noticed a centaur
  2253 | D:3      | Killed a centaur
  2254 | D:3      | Reached XP level 5. HP: 22/42 MP: 1/9
  2417 | D:3      | Reached skill level 1 in Hexes
  2611 | D:3      | Reached skill level 4 in Fire Magic
  2611 | D:3      | Killed by an exploding gnoll... ignited by their inner
                  | flame

Illustrated notes

Levels and vault maps discovered:
D:1:      lightli_arrival_lavapool, layout_loops_ring, serial_shops, shop,
          dilly_ecumenical_altar_fadedgnrine
D:2:      layout_basic, serial_shops, shop, nicolae_shop_behind_doors, shop,
          shop
D:3:      layout_loops_ring, st_stairs_9, dk_noncrumbling_2, uniq_terence

Skill      XL: |  1  2  3  4  5 |
---------------+----------------+-----
Stealth        | 2 3 |  3.0
Fighting       | 1 2 |  2.5
Conjurations   | 2 |  2.0
Hexes          | 1 |  1.2
Spellcasting   | 3 |  3.0
Fire Magic     | 4 |  4.0
Ranged Weapons | |  0.5
Dodging        | |  1.7

Action                     |  1- 3 |  4- 6 || total
---------------------------+-------+-------++-------
  Melee: Unarmed           |    52 |    16 ||    68
         Tailslap          |     8 |       ||     8
         Shortbow          |       |     2 ||     2
   Fire: Sling             |    58 |    30 ||    88
         Shortbow          |       |    33 ||    33
   Cast: Foxfire           |    29 |     7 ||    36
         Scorch            |       |     7 ||     7
         Inner Flame       |       |     3 ||     3
  Evoke: Wand              |       |     1 ||     1
    Use: Scroll            |     2 |       ||     2
         Potion            |       |     1 ||     1
 Armour: Skin              |    51 |    64 ||   115
  Dodge: Dodged            |    70 |    78 ||   148

Table legend: (Time is in decaauts)
 A = Elapsed time spent in this place.
 B = Non-inter-level travel time spent in this place.
 C = Inter-level travel time spent in this place.
 D = Time resting spent in this place.
 E = Time spent auto-exploring this place.
 F = Levels seen in this place.
 G = Mean time per level.
                   A        B        C        D        E       F      G
               +--------+--------+--------+--------+--------+-----+--------+
         Total |   2657 |   2574 |     83 |    146 |   1857 |   3 |  885.7 |
       Dungeon |   2657 |   2574 |     83 |    146 |   1857 |   3 |  885.7 |
               +--------+--------+--------+--------+--------+-----+--------+

Top non-repeatable levels by time:
     D:2: 1093 daAuts
     D:1: 992 daAuts
     D:3: 570 daAuts
